MLB
NEW YORK YANKEES @ KANSAS CITY ROYALS
05/19/2018
 
TOP OF THE 1ST
New York Yankees batting - Pitching for Kansas City Royals : RHP Ivan Nova
Pitching: RHP Ivan Nova
Batting: RHB Manny Margot 0-0: Foul Ball, location: 2F
0-1: Foul Ball, location: 2F
0-2: Ball
1-2: Fly out, F8 (Flyball, 8RM)
Batting: RHB Anthony Rendon 0-0: Called Strike
0-1: Foul Ball, location: 2F
0-2: Foul Ball, location: 2F
0-2: Ball
1-2: Strikes out looking
Batting: RHB Ryan Braun 0-0: Ball
1-0: Swinging Strike
1-1: Fly out, F9 (Flyball, 9S)
Top of the 1st over - 0 runs, 0 hits, 0 errors, 0 left on base; New York 0 - Kansas City 0
BOTTOM OF THE 1ST
Kansas City Royals batting - Pitching for New York Yankees : RHP Walker Buehler
Pitching: RHP Walker Buehler
Batting: LHB Raimel Tapia 0-0: Fly out, F4 (Line Drive, 4)
Batting: RHB Ronald Torreyes 0-0: Ball
1-0: Called Strike
1-1: Foul Ball, location: 2F
1-2: DOUBLE (Line Drive, 9LS)
Batting: LHB Joe Mauer 0-0: Ball
1-0: Ball
2-0: Called Strike
2-1: Called Strike
2-2: Ball
3-2: Base on Balls
Batting: LHB Lonnie Chisenhall 0-0: Foul Ball, location: 2F
0-1: Ball
1-1: Foul Ball, location: 2F
1-2: Ball
2-2: Fly out, F8 (Flyball, 8RS)
Batting: LHB Luis Valbuena 0-0: DOUBLE (Line Drive, 78XD)
Ronald Torreyes scores
Joe Mauer to third
Runner from 3rd tries for Home, SAFE, throw by LF to home
Batting: RHB Albert Pujols 0-0: Ball
1-0: DOUBLE (Flyball, 78D)
Luis Valbuena scores
Batting: LHB Jesse Winker 0-0: DOUBLE (Line Drive, 89M)
Albert Pujols scores
Batting: SHB Jurickson Profar 0-0: Ball
1-0: Ground out 4-3 (Groundball, 4)
Bottom of the 1st over - 4 runs, 4 hits, 0 errors, 1 left on base; New York 0 - Kansas City 4
TOP OF THE 2ND
New York Yankees batting - Pitching for Kansas City Royals : RHP Ivan Nova
Batting: LHB Logan Morrison 0-0: Foul Ball, location: 2F
0-1: Ball
1-1: Called Strike
1-2: Foul Ball, location: 2F
1-2: Foul Ball, location: 2F
1-2: Fly out, F9 (Line Drive, 9D)
Batting: RHB Buster Posey 0-0: Swinging Strike
0-1: Foul Ball, location: 2F
0-2: Ball
1-2: DOUBLE (Line Drive, 8LXD)
Batting: RHB Devon Travis 0-0: Fly out, F4 (Line Drive, 4)
Batting: LHB Brandon Crawford 0-0: Foul Ball, location: 2F
0-1: SINGLE (Groundball, 34D)
Buster Posey to third
Runner from 3rd tries for Home, SAFE, no throw by RF
Batting: RHB Enrique Hernandez 0-0: Ball
1-0: Foul Ball, location: 2F
1-1: Ball
2-1: Called Strike
2-2: SINGLE (Groundball, 5S) (infield hit)
Brandon Crawford to second
Batting: RHB Hunter Pence 0-0: Called Strike
0-1: Ball
1-1: Ball
2-1: Fly out, F4 (Popup, 4MS)
Top of the 2nd over - 1 run, 3 hits, 0 errors, 2 left on base; New York 1 - Kansas City 4
BOTTOM OF THE 2ND
Kansas City Royals batting - Pitching for New York Yankees : RHP Walker Buehler
Batting: SHB Matt Wieters 0-0: Called Strike
0-1: Called Strike
0-2: Ball
1-2: Ball
2-2: Foul Ball, location: 2F
2-2: Fly out, F8 (Flyball, 8LM)
Batting: LHB Raimel Tapia 0-0: Ground out 2-3 (Groundball, 13S)
Batting: RHB Ronald Torreyes 0-0: Ball
1-0: Ground out 3-1 (Groundball, 34)
Bottom of the 2nd over - 0 runs, 0 hits, 0 errors, 0 left on base; New York 1 - Kansas City 4
TOP OF THE 3RD
New York Yankees batting - Pitching for Kansas City Royals : RHP Ivan Nova
Batting: RHB Manny Margot 0-0: Called Strike
0-1: Swinging Strike
0-2: DOUBLE (Line Drive, 7LS)
Batting: RHB Anthony Rendon 0-0: Called Strike
0-1: Called Strike
0-2: Ball
1-2: Strikes out swinging
Batting: RHB Ryan Braun 0-0: Ball
1-0: Called Strike
1-1: Ground out 6-3 (Groundball, 6MS)
Manny Margot to third
Batting: LHB Logan Morrison 0-0: SINGLE (Line Drive, 8LS)
Manny Margot scores
Batting: RHB Buster Posey 0-0: SINGLE (Groundball, 6MD)
Logan Morrison to second
Runner from 2nd tries for 3rd, SAFE, no throw by CF
Batting: RHB Devon Travis 0-0: Ball
1-0: Called Strike
1-1: Foul Ball, location: 2F
1-2: Ball
2-2: Strikes out swinging
Top of the 3rd over - 1 run, 3 hits, 0 errors, 2 left on base; New York 2 - Kansas City 4
BOTTOM OF THE 3RD
Kansas City Royals batting - Pitching for New York Yankees : RHP Walker Buehler
Batting: LHB Joe Mauer 0-0: Ball
1-0: Ball
2-0: Ball
3-0: Called Strike
3-1: Swinging Strike
3-2: Strikes out swinging
Batting: LHB Lonnie Chisenhall 0-0: Fly out, F9 (Flyball, 89S)
Batting: LHB Luis Valbuena 0-0: Ball
1-0: SINGLE (Line Drive, 6MD)
Batting: RHB Albert Pujols 0-0: Ball
1-0: Foul Ball, location: 2F
1-1: SINGLE (Line Drive, 8LS)
Luis Valbuena to second
Runner from 2nd tries for 3rd, SAFE, throw by CF made to third
Batting: LHB Jesse Winker 0-0: Ball
1-0: Ground out 4-3 (Groundball, 4)
Bottom of the 3rd over - 0 runs, 2 hits, 0 errors, 2 left on base; New York 2 - Kansas City 4
TOP OF THE 4TH
New York Yankees batting - Pitching for Kansas City Royals : RHP Ivan Nova
Batting: LHB Brandon Crawford 0-0: Called Strike
0-1: Ball
1-1: Ball
2-1: Foul Ball, location: 2F
2-2: Strikes out swinging
Batting: RHB Enrique Hernandez 0-0: Reached on error, E1 (Groundball, P)
Batting: RHB Hunter Pence 0-0: Called Strike
0-1: Called Strike
0-2: Strikes out swinging
Batting: RHB Manny Margot 0-0: Ball
1-0: Ball
2-0: Ball
3-0: Called Strike
3-1: Fly out, F8 (Flyball, 8LD)
Top of the 4th over - 0 runs, 0 hits, 1 error, 1 left on base; New York 2 - Kansas City 4
BOTTOM OF THE 4TH
Kansas City Royals batting - Pitching for New York Yankees : RHP Walker Buehler
Batting: SHB Jurickson Profar 0-0: Called Strike
0-1: Called Strike
0-2: Strikes out looking
Batting: SHB Matt Wieters 0-0: Foul Ball, location: 2F
0-1: Fly out, F8 (Flyball, 89D)
Batting: LHB Raimel Tapia 0-0: Ball
1-0: Called Strike
1-1: Ground out U3 (Groundball, 3)
Bottom of the 4th over - 0 runs, 0 hits, 0 errors, 0 left on base; New York 2 - Kansas City 4
TOP OF THE 5TH
New York Yankees batting - Pitching for Kansas City Royals : RHP Ivan Nova
Batting: RHB Anthony Rendon 0-0: Called Strike
0-1: Ball
1-1: Foul Ball, location: 2F
1-2: Foul Ball, location: 2F
1-2: Ball
2-2: Ball
3-2: Fly out, F8 (Line Drive, 8LD)
Batting: RHB Ryan Braun 0-0: Ball
1-0: SINGLE (Flyball, 78S)
Batting: LHB Logan Morrison 0-0: Called Strike
0-1: Ball
1-1: Foul Ball, location: 2F
1-2: Ball
2-2: Fly out, F9 (Flyball, 9S)
Batting: RHB Buster Posey 0-0: Ball
Ryan Braun steals 2nd base
1-0: Called Strike
1-1: Foul Ball, location: 2F
1-2: SINGLE (Popup, 5D)
Ryan Braun to third
Runner from 3rd tries for Home, SAFE, no throw by 3B
Batting: RHB Devon Travis 0-0: Called Strike
0-1: Ball
1-1: Fly out, F7 (Line Drive, 7)
Top of the 5th over - 1 run, 2 hits, 0 errors, 1 left on base; New York 3 - Kansas City 4
BOTTOM OF THE 5TH
Kansas City Royals batting - Pitching for New York Yankees : RHP Walker Buehler
Batting: RHB Ronald Torreyes 0-0: Ball
1-0: Called Strike
1-1: Swinging Strike
1-2: Ball
2-2: Ball
3-2: Foul Ball, location: 2F
3-2: Foul Ball, location: 2F
3-2: Strikes out swinging
Batting: LHB Joe Mauer 0-0: Ground out 6-3 (Groundball, 6S)
Batting: LHB Lonnie Chisenhall 0-0: Ball
1-0: DOUBLE (Line Drive, 7LS)
Batting: LHB Luis Valbuena 0-0: Ball
1-0: Fly out, F8 (Line Drive, 8RM)
Bottom of the 5th over - 0 runs, 1 hit, 0 errors, 1 left on base; New York 3 - Kansas City 4
TOP OF THE 6TH
New York Yankees batting - Pitching for Kansas City Royals : RHP Ivan Nova
Pitching: RHP Adam Ottavino
Batting: LHB Brandon Crawford 0-0: Swinging Strike
0-1: Ball
1-1: Swinging Strike
1-2: Strikes out swinging
Batting: RHB Enrique Hernandez 0-0: Called Strike
0-1: Fly out, F9 (Flyball, 9)
Batting: RHB Hunter Pence 0-0: Foul Ball, location: 2F
0-1: Ball
1-1: Ball
2-1: Foul Ball, location: 2F
2-2: Fly out, F9 (Flyball, 9)
Top of the 6th over - 0 runs, 0 hits, 0 errors, 0 left on base; New York 3 - Kansas City 4
BOTTOM OF THE 6TH
Kansas City Royals batting - Pitching for New York Yankees : RHP Walker Buehler
Batting: RHB Albert Pujols 0-0: Ball
1-0: Ball
2-0: Called Strike
2-1: Ball
3-1: Base on Balls
Batting: LHB Jesse Winker 0-0: Ball
1-0: Called Strike
1-1: Ball
2-1: Ball
3-1: Grounds into double play, 3-6-3 (Groundball, 3)
Batting: SHB Jurickson Profar 0-0: Ball
1-0: SINGLE (Groundball, 34D)
Batting: SHB Matt Wieters 0-0: Ball
1-0: Swinging Strike
1-1: Ball
2-1: Ground out U3 (Groundball, 3)
Bottom of the 6th over - 0 runs, 1 hit, 0 errors, 1 left on base; New York 3 - Kansas City 4
TOP OF THE 7TH
New York Yankees batting - Pitching for Kansas City Royals : RHP Adam Ottavino
Pitching: RHP Kelvin Herrera
Batting: RHB Manny Margot 0-0: Ball
1-0: Ball
2-0: Called Strike
2-1: Foul Ball, location: 2F
2-2: Ball
3-2: Foul Ball, location: 2F
3-2: Fly out, F9 (Flyball, 9S)
Batting: RHB Anthony Rendon 0-0: Called Strike
0-1: Ground out 6-3 (Groundball, 6M)
Batting: RHB Ryan Braun 0-0: Ball
1-0: Swinging Strike
1-1: Swinging Strike
1-2: Strikes out swinging
Top of the 7th over - 0 runs, 0 hits, 0 errors, 0 left on base; New York 3 - Kansas City 4
BOTTOM OF THE 7TH
Kansas City Royals batting - Pitching for New York Yankees : RHP Walker Buehler
Batting: LHB Raimel Tapia 0-0: Ball
1-0: Called Strike
1-1: Ground out 3-1 (Groundball, 34)
Batting: RHB Ronald Torreyes 0-0: Called Strike
0-1: Ground out 6-3 (Groundball, 6)
Batting: LHB Joe Mauer 0-0: Called Strike
0-1: Foul Ball, location: 2F
0-2: Foul Ball, location: 2F
0-2: Ball
1-2: Strikes out looking
Bottom of the 7th over - 0 runs, 0 hits, 0 errors, 0 left on base; New York 3 - Kansas City 4
TOP OF THE 8TH
New York Yankees batting - Pitching for Kansas City Royals : RHP Kelvin Herrera
Pitching: LHP Kyle Freeland
Batting: LHB Logan Morrison 0-0: Swinging Strike
0-1: Ball
1-1: Ball
2-1: Called Strike
2-2: Foul Ball, location: 2F
2-2: Strikes out swinging
Batting: RHB Buster Posey 0-0: Swinging Strike
0-1: Ball
1-1: SINGLE (Line Drive, 89M)
Pitching: RHP Phil Hughes
Batting: RHB Devon Travis 0-0: Called Strike
0-1: Ball
1-1: SINGLE (Line Drive, 7S)
Buster Posey to second
Batting: LHB Brandon Crawford 0-0: Ball
1-0: DOUBLE (Groundball, 3L)
Buster Posey scores
Devon Travis to third
Batting: RHB Enrique Hernandez 0-0: Called Strike
0-1: Foul Ball, location: 2F
0-2: Ball
1-2: Ground out 6-3 (Groundball, 6MS)
Batting: RHB Hunter Pence 0-0: Ball
1-0: Fly out, F8 (Flyball, 8LM)
Top of the 8th over - 1 run, 3 hits, 0 errors, 2 left on base; New York 4 - Kansas City 4
BOTTOM OF THE 8TH
Kansas City Royals batting - Pitching for New York Yankees : RHP Walker Buehler
Pitching: LHP Josh Hader
Batting: LHB Lonnie Chisenhall 0-0: Ball
1-0: Called Strike
1-1: Swinging Strike
1-2: Strikes out looking
Pitching: RHP Shane Greene
Batting: LHB Luis Valbuena 0-0: Ball
1-0: Foul Ball, location: 2F
1-1: Swinging Strike
1-2: Strikes out swinging
Batting: RHB Albert Pujols 0-0: Called Strike
0-1: Swinging Strike
0-2: Ball
1-2: Ball
2-2: Ball
3-2: Ground out 6-3 (Groundball, 6MD)
Bottom of the 8th over - 0 runs, 0 hits, 0 errors, 0 left on base; New York 4 - Kansas City 4
TOP OF THE 9TH
New York Yankees batting - Pitching for Kansas City Royals : RHP Phil Hughes
Pitching: RHP Carl Edwards Jr.
Batting: RHB Manny Margot 0-0: Ball
1-0: Called Strike
1-1: Swinging Strike
1-2: Strikes out swinging
Batting: RHB Anthony Rendon 0-0: Ball
1-0: Ball
2-0: Foul Ball, location: 2F
2-1: Foul Ball, location: 2F
2-2: Ball
3-2: Ground out U3 (Groundball, 34)
Batting: RHB Ryan Braun 0-0: Foul Ball, location: 2F
0-1: Called Strike
0-2: Fly out, F7 (Flyball, 7LM)
Top of the 9th over - 0 runs, 0 hits, 0 errors, 0 left on base; New York 4 - Kansas City 4
BOTTOM OF THE 9TH
Kansas City Royals batting - Pitching for New York Yankees : RHP Shane Greene
Pitching: RHP Wade Davis
Batting: LHB Jesse Winker 0-0: Called Strike
0-1: Called Strike
0-2: Ball
1-2: Ball
2-2: Foul Ball, location: 2F
2-2: Strikes out swinging
Batting: SHB Jurickson Profar 0-0: Foul Ball, location: 2F
0-1: Swinging Strike
0-2: Strikes out swinging
Batting: SHB Matt Wieters 0-0: Called Strike
0-1: Called Strike
0-2: Ball
1-2: Ball
2-2: Strikes out swinging
Bottom of the 9th over - 0 runs, 0 hits, 0 errors, 0 left on base; New York 4 - Kansas City 4
TOP OF THE 10TH
New York Yankees batting - Pitching for Kansas City Royals : RHP Carl Edwards Jr.
Pitching: RHP Paul Clemens
Batting: LHB Logan Morrison 0-0: Called Strike
0-1: Swinging Strike
0-2: Foul Ball, location: 2F
0-2: Ball
1-2: Ball
2-2: Ground out U3 (Groundball, 3)
Batting: RHB Buster Posey 0-0: Foul Ball, location: 2F
0-1: Ball
1-1: Called Strike
1-2: Fly out, F8 (Flyball, 8LS)
Batting: RHB Devon Travis 0-0: Called Strike
0-1: Ball
1-1: Fly out, F7 (Flyball, 7)
Top of the 10th over - 0 runs, 0 hits, 0 errors, 0 left on base; New York 4 - Kansas City 4
BOTTOM OF THE 10TH
Kansas City Royals batting - Pitching for New York Yankees : RHP Wade Davis
Pitching: LHP Xavier Cedeno
Pinch Hitting: SHB Melky Cabrera 0-0: Ball
1-0: Foul Ball, location: 2F
1-1: Swinging Strike
1-2: Ball
2-2: Ground out 6-3 (Groundball, 56D)
Batting: RHB Ronald Torreyes 0-0: Called Strike
0-1: Ball
1-1: Swinging Strike
1-2: Ground out 6-3 (Groundball, 6S)
Batting: LHB Joe Mauer 0-0: Ball
1-0: Ball
2-0: Called Strike
2-1: Foul Ball, location: 2F
2-2: Ball
3-2: SINGLE (Groundball, 4MD)
Batting: LHB Lonnie Chisenhall 0-0: Ball
1-0: Called Strike
1-1: Ball
2-1: Foul Ball, location: 2F
2-2: SINGLE (Flyball, 89S)
Joe Mauer to second
Runner from 2nd tries for 3rd, SAFE, throw by RF made to third
Pitching: RHP Josh Lucas
Batting: LHB Luis Valbuena 0-0: Called Strike
0-1: Ball
1-1: SINGLE (Line Drive, 8RS)
Joe Mauer scores
Monday, July 16th, 2018 - OOTP Baseball 19.7 Build 59